 Dungeon Crawl Stone Soup version 0.29-a0-857-g9b1aa3ac5b (webtiles) character file.

Game seed: 17450449557271696408

26 reriks the Shooter (level 3, 22/22 HPs)
             Began as a Kobold Hunter on July 16, 2022.
             Quit the game on level 1 of the Dungeon.
             The game lasted 00:02:17 (850 turns).

reriks the Shooter (Kobold Hunter)                   Turns: 850, Time: 00:02:17

Health: 22/22      AC:  3    Str: 10    XL:     3   Next: 22%
Magic:  3/3        EV: 15    Int: 10    God:
Gold:   21         SH:  0    Dex: 18    Spells: 2/2 levels left

rFire   . . .      SeeInvis .   a - +0 shortbow
rCold   . . .      Faith    .   (shield currently unavailable)
rNeg    . . .      Spirit   .   c - +0 leather armour
rPois   .          Reflect  .   (no helmet)
rElec   .          Harm     .   (no cloak)
rCorr   .          Rampage  .   (no gloves)
Will    .....                   (no boots)
Stlth   +++.......              (no amulet)
HPRegen 0.07/turn               (no ring)
MPRegen 0.08/turn               (no ring)

@: no status effects
A: small, no large weapons, nightstalker 3
a: no special abilities


You were on level 1 of the Dungeon.
You visited 1 branch of the dungeon, and saw 1 of its levels.

You collected 21 gold pieces.

Inventory:

Hand Weapons
 a - a +0 shortbow (weapon)
Armour
 c - a +0 leather armour (worn)
Scrolls
 b - a scroll of immolation
 d - a scroll of enchant weapon {unknown}
 e - a scroll of noise {unknown}
 f - a scroll of fog {unknown}


   Skills:
 + Level 2.6 Fighting
 + Level 5.6 Ranged Weapons
 + Level 2.9 Dodging
 + Level 2.4 Stealth


You had 2 spell levels left.
You didn't know any spells.
Your spell library was empty.

Dungeon Overview and Level Annotations

Branches:
Dungeon (1/15)

Altars:


Innate Abilities, Weirdness & Mutations

You are small and have problems with some larger weapons.
You are completely attuned to the shadows.


Message History

There is an open door here.
You see here a hobgoblin corpse.
You now have 21 gold pieces (gained 9).
As you open the door, it creaks loudly!
There is an open door here.
Found a stone staircase leading down.
A quokka and a bat come into view.
You see here a ring of flight.
You shoot an arrow.
The arrow hits the bat but does no damage.
The bat barely misses you.
You shoot an arrow. The arrow barely misses the bat.
The bat misses you.
You shoot an arrow. The arrow hits the quokka.
The quokka is almost dead.
The bat misses you.
The quokka bites you but does no damage.
You shoot an arrow. The arrow misses the quokka.
The bat closely misses you. The quokka closely misses you.
The quokka misses you.
You shoot an arrow. The arrow closely misses the quokka.
The bat barely misses you. The quokka misses you.
You shoot an arrow. The arrow hits the quokka.
You kill the quokka!
The bat misses you. The bat hits you but does no damage.
You shoot an arrow. The arrow barely misses the bat.
The bat misses you.
You shoot an arrow. The arrow closely misses the bat.
The bat misses you.
You shoot an arrow. The arrow closely misses the bat.
The bat hits you. The bat barely misses you.
You shoot an arrow. The arrow barely misses the bat.
The bat misses you.
You shoot an arrow. The arrow barely misses the bat.
The bat closely misses you. The bat barely misses you.
You shoot an arrow. The arrow completely misses the bat.
The bat misses you.
You shoot an arrow. The arrow closely misses the bat.
The bat hits you but does no damage.
You shoot an arrow. The arrow closely misses the bat.
The bat closely misses you.
You shoot an arrow. The arrow closely misses the bat.
The bat barely misses you.
You shoot an arrow. The arrow hits the bat.
You kill the bat!
Are you sure you want to abandon this character and quit the game? (Confirm with "yes".)

........#
........#
.......#
#>....+
#.@...#
#.....#
#.....#
#.....# #####
#.#####
#######....
#.#
............
#.#
............
#.#
.............
#.#
.............


There were no monsters in sight!

Vanquished Creatures
  A gnoll (D:1)
  2 endoplasms (D:1)
  A goblin (D:1)
  2 hobgoblins (D:1)
  4 kobolds (D:1)
  A quokka (D:1)
  A ball python (D:1)
  2 bats (D:1)
  2 rats (D:1)
16 creatures vanquished.

Notes
Turn   | Place    | Note
-------+----------+-------------------------------------------
     0 | D:1      | reriks the Kobold Hunter began the quest for the Orb.
     0 | D:1      | Reached XP level 1. HP: 12/12 MP: 1/1
   115 | D:1      | Reached XP level 2. HP: 14/18 MP: 2/2
   464 | D:1      | Reached XP level 3. HP: 16/22 MP: 3/3
   850 | D:1      | Quit the game

Illustrated notes

Levels and vault maps discovered:
D:1:      heliophobic_arrival_ceremonial_halls, layout_basic

Skill      XL: |  1  2 |
---------------+-------+-----
Stealth        | 2 |  2.4
Fighting       | |  2.6
Ranged Weapons | |  5.6
Dodging        | |  2.9

Action                   || total
-------------------------++-------
 Fire: Shortbow          ||    44
Armor: Leather armour    ||     3
Dodge: Dodged            ||    22

Table legend: (Time is in decaauts)
 A = Elapsed time spent in this place.
 B = Non-inter-level travel time spent in this place.
 C = Inter-level travel time spent in this place.
 D = Time resting spent in this place.
 E = Time spent auto-exploring this place.
 F = Levels seen in this place.
 G = Mean time per level.
                   A        B        C        D        E       F      G
               +--------+--------+--------+--------+--------+-----+--------+
         Total |    862 |    862 |      0 |    238 |    540 |   1 |  862.0 |
       Dungeon |    862 |    862 |      0 |    238 |    540 |   1 |  862.0 |
               +--------+--------+--------+--------+--------+-----+--------+

Top non-repeatable levels by time:
     D:1: 862 daAuts
